 Dungeon Crawl Stone Soup version 0.28-a0-224-g76b539d98b (webtiles) character file.

Game seed: 11243315164080879090

214 Gargoyl the Skirmisher (level 5, -4/47 HPs)
             Began as a Gnoll Abyssal Knight on Aug 21, 2021.
             Was a Believer of Lugonu.
             Slain by an ogre (18 damage)
             ... on level 4 of the Dungeon.
             The game lasted 00:04:34 (3355 turns).

Gargoyl the Skirmisher (Gnoll Abyssal Knight)       Turns: 3355, Time: 00:04:35

Health: -4/47      AC: 12    Str: 12    XL:     5   Next: 91%
Magic:  8/8        EV:  6    Int: 18    God:    Lugonu [**....]
Gold:   125        SH:  4    Dex: 11    Spells: 7/7 levels left

rFire   . . .      SeeInvis .   a - +1 hand axe (freeze)
rCold   . . .      Faith    .   b - +0 buckler
rNeg    . . .      Spirit   .   e - +0 chain mail
rPois   .          Reflect  .   c - +2 helmet
rElec   .          Harm     .   (no cloak)
rCorr   .          Rampage  .   (no gloves)
Will    .....                   (no boots)
Stlth   ..........              (no amulet)
HPRegen 0.15/turn               h - +6 ring of intelligence
MPRegen 0.11/turn               (no ring)

@: no status effects
A: fangs 1, strong nose, distributed training
a: Renounce Religion, Depart the Abyss, Bend Space


You were on level 4 of the Dungeon.
You worshipped Lugonu.
Lugonu was pleased with you.
You visited 1 branch of the dungeon, and saw 4 of its levels.
You visited the Abyss 1 time.

You collected 125 gold pieces.

Inventory:

Hand Weapons
 a - a +1 hand axe of freezing (weapon)
Missiles
 d - 15 poisoned darts (quivered)
Armour
 b - a +0 buckler (worn)
 c - a +2 helmet (worn)
 e - a +0 chain mail (worn)
Jewellery
 h - a +6 ring of intelligence (left hand)
Scrolls
 g - 2 scrolls of blinking
Potions
 f - a potion of flight
 i - 2 potions of curing {unknown}
 j - a potion of degeneration {unknown}


   Skills:
 + Level 6.7 Fighting
 + Level 1.6 Short Blades
 + Level 1.6 Long Blades
 + Level 4.8 Axes
 + Level 1.6 Maces & Flails
 + Level 1.6 Polearms
 + Level 1.6 Staves
 + Level 1.6 Slings
 + Level 1.6 Bows
 + Level 1.6 Crossbows
 + Level 1.6 Throwing
 + Level 4.8 Armour
 + Level 3.1 Dodging
 + Level 1.6 Stealth
 + Level 1.6 Shields
 + Level 1.6 Unarmed Combat
 + Level 1.6 Spellcasting
 + Level 1.3 Conjurations
 + Level 1.3 Hexes
 + Level 1.3 Summonings
 + Level 1.3 Necromancy
 + Level 1.3 Translocations
 + Level 1.3 Transmutations
 + Level 1.3 Fire Magic
 + Level 1.3 Ice Magic
 + Level 1.3 Air Magic
 + Level 1.3 Earth Magic
 + Level 1.3 Poison Magic
 + Level 4.9 Invocations
 + Level 1.6 Evocations


You had 7 spell levels left.
You didn't know any spells.
Your spell library contained the following spells:

 Spells                   Type           Power      Damage    Failure   Level
 Magic Dart               Conj           24%        1d4       99%         1
 Shock                    Conj/Air       24%        1d4       99%         1
 Corpse Rot               Necr/Air       N/A        N/A       100%        2
 Poisonous Vapours        Pois/Air       12%        N/A       100%        2
 Searing Ray              Conj           12%        3d3       100%        2
 Swiftness                Air            6%         N/A       100%        3
 Airstrike                Air            3%         N/A       100%        4
 Fulminant Prism          Conj/Hex       3%         3d6       100%        4
 Freezing Cloud           Conj/Ice/Air   3%         6-21      100%        5


Dungeon Overview and Level Annotations

Branches:
Dungeon (4/15)
 Temple: D:4-7

Altars:
Xom

Shops:
D:1 [


Innate Abilities, Weirdness & Mutations

You have very sharp teeth.
Your uncanny sense of smell can sniff out nearby items.
Your experience applies equally to all skills.


Message History

A kobold is nearby!
The kobold hits you but does no damage.
You hit the kobold but do no damage. You bite the kobold, but do no damage.
You block the kobold's attack.
You hit the kobold but do no damage. Your bite misses the kobold.
A ball python comes into view.
The kobold hits you with a +0 whip.
The ball python hisses angrily.
You hit the kobold but do no damage. You bite the kobold, but do no damage.
The kobold hits you but does no damage.
You barely miss the kobold. The kobold hits you but does no damage.
An ogre comes into view. It is wielding a +0 giant club.
You closely miss the kobold. The kobold hits you but does no damage.
You barely miss the kobold. You hit the ogre. You freeze the ogre.
The kobold hits you with a +0 whip. The ogre hits you with a +0 giant club!
You barely miss the kobold. You completely miss the ogre.
The kobold barely misses you. The ogre hits you with a +0 giant club!
Space bends around you!
You blink.
The ogre hits you but does no damage.
You see here a +0 pair of boots.
Throw: 17 darts (poison)
Press: ? - help, Q - select action, (/) - cycle Shift-Dir - straight line, f - ogre
Aim: an ogre, wielding a +0 giant club (lightly wounded, 74% to hit)
You throw a poisoned dart. The poisoned dart hits the ogre.
The ogre is poisoned.
The ogre is lightly wounded.
You block the ogre's attack.
Throw: 16 darts (poison)
Press: ? - help, Q - select action, (/) - cycle Shift-Dir - straight line, f/p - ogre
Aim: an ogre, wielding a +0 giant club (lightly wounded, poisoned, 72% to hit)
You throw a poisoned dart. The poisoned dart hits the ogre.
The ogre looks even sicker.
The ogre is lightly wounded.
The ogre hits you with a +0 giant club!
* * * LOW HITPOINT WARNING * * *
A dart slug comes into view.
The dart slug launches a dart at you.
The slug dart hits you but does no damage.
The ogre hits you with a +0 giant club!!
You die...

∆ ..# #.#
#.#.#####.#
#.....S.<.#
#...#####[#
. #S# #
#K####.#
#O.....##.
#.@.......
#.#...####
#.##.## #.#
..# #.. ∆.#
#.. .# ∆
#.. . #w..
..


You could see an ogre (very poisoned), a dart slug, a ball python and a kobold.

Vanquished Creatures
  An orc priest (D:3)
  An orc wizard (D:3)
  5 adders
  3 gnolls (D:3)
  A worm (D:2)
  A dart slug (D:3)
  2 orcs (D:3)
  5 ball pythons
  2 bats
  6 endoplasms
  4 giant cockroaches
  10 goblins
  14 hobgoblins
  A jackal (D:3)
  6 kobolds
  4 frilled lizards
  7 rats
73 creatures vanquished.

Vanquished Creatures (collateral kills)
  An orc (D:3)
  An endoplasm (D:3)
2 creatures vanquished.

Grand Total: 75 creatures vanquished

Notes
Turn   | Place    | Note
-------+----------+-------------------------------------------
     0 | Abyss:1  | Gargoyl the Gnoll Abyssal Knight began the quest for the
                  | Orb.
     0 | Abyss:1  | Reached XP level 1. HP: 23/23 MP: 3/3
    22 | Abyss:2  | Noticed a smoke demon
    56 | Abyss:2  | Noticed a small abomination
    58 | Abyss:2  | Noticed a thrashing horror
    60 | Abyss:2  | Noticed a thrashing horror
    61 | D:1      | Escaped the Abyss
   449 | D:1      | Reached XP level 2. HP: 24/29 MP: 5/5
   450 | D:1      | Reached * piety under Lugonu
   538 | D:1      | Found Lijoigir's Armour Boutique.
   619 | D:1      | Found a faded altar of an unknown god.
   935 | D:1      | Reached XP level 3. HP: 35/35 MP: 6/6
  1335 | D:2      | Found a shimmering altar of Xom.
  1482 | D:2      | Reached skill level 1 in Short Blades
  1482 | D:2      | Reached skill level 1 in Long Blades
  1482 | D:2      | Reached skill level 1 in Maces & Flails
  1482 | D:2      | Reached skill level 1 in Polearms
  1482 | D:2      | Reached skill level 1 in Staves
  1482 | D:2      | Reached skill level 1 in Slings
  1482 | D:2      | Reached skill level 1 in Bows
  1482 | D:2      | Reached skill level 1 in Crossbows
  1482 | D:2      | Reached skill level 1 in Throwing
  1482 | D:2      | Reached skill level 1 in Stealth
  1482 | D:2      | Reached skill level 1 in Shields
  1482 | D:2      | Reached skill level 1 in Unarmed Combat
  1482 | D:2      | Reached skill level 1 in Spellcasting
  1482 | D:2      | Reached skill level 1 in Evocations
  1774 | D:2      | Reached XP level 4. HP: 39/41 MP: 7/7
  2291 | D:3      | Reached skill level 1 in Conjurations
  2291 | D:3      | Reached skill level 1 in Hexes
  2291 | D:3      | Reached skill level 1 in Summonings
  2291 | D:3      | Reached skill level 1 in Necromancy
  2291 | D:3      | Reached skill level 1 in Translocations
  2291 | D:3      | Reached skill level 1 in Transmutations
  2291 | D:3      | Reached skill level 1 in Fire Magic
  2291 | D:3      | Reached skill level 1 in Ice Magic
  2291 | D:3      | Reached skill level 1 in Air Magic
  2291 | D:3      | Reached skill level 1 in Earth Magic
  2291 | D:3      | Reached skill level 1 in Poison Magic
  2308 | D:3      | Reached XP level 5. HP: 35/47 MP: 8/8
  2313 | D:3      | Reached ** piety under Lugonu
  3343 | D:4      | Noticed an ogre
  3355 | D:4      | Slain by an ogre

Illustrated notes

Levels and vault maps discovered:
D:1:      psy_arrival_conway, layout_basic, shapermc_ecumenical_altar_venn,
          serial_shops, shop, minmay_statues_item
D:2:      layout_basic, basic_altar
D:3:      cheibrodos_greedy_goblins, layout_rooms, minmay_quadrilaterals
D:4:      layout_loops_ring, lemuel_zombie_altar_yredelemnul,
          minmay_overflow_temple_star_quad, gammafunk_ghost_nasty_kobolds,
          minmay_misc_feat_chi, chequers_serial_rivers_room_a, dk_noncrumbling_2

Skill      XL: |  1  2  3  4 |
---------------+-------------+-----
Short Blades   | 1 |  1.6
Long Blades    | 1 |  1.6
Maces & Flails | 1 |  1.6
Polearms       | 1 |  1.6
Staves         | 1 |  1.6
Slings         | 1 |  1.6
Bows           | 1 |  1.6
Crossbows      | 1 |  1.6
Throwing       | 1 |  1.6
Stealth        | 1 |  1.6
Shields        | 1 |  1.6
Unarmed Combat | 1 |  1.6
Spellcasting   | 1 |  1.6
Evocations     | 1 |  1.6
Conjurations   | 1 |  1.3
Hexes          | 1 |  1.3
Summonings     | 1 |  1.3
Necromancy     | 1 |  1.3
Translocations | 1 |  1.3
Transmutations | 1 |  1.3
Fire Magic     | 1 |  1.3
Ice Magic      | 1 |  1.3
Air Magic      | 1 |  1.3
Earth Magic    | 1 |  1.3
Poison Magic   | 1 |  1.3
Dodging        | 3 |  3.1
Fighting       | |  6.7
Axes           | |  4.8
Armour         | |  4.8
Invocations    | |  4.9

Action                   |  1- 3 |  4- 6 || total
-------------------------+-------+-------++-------
Melee: Hand axe          |   111 |   117 ||   228
       Bite              |     3 |    10 ||    13
Throw: Dart              |       |     2 ||     2
Invok: Depart the Abyss  |     1 |       ||     1
       Bend Space        |       |     1 ||     1
  Use: Scroll            |     7 |     4 ||    11
       Potion            |       |     1 ||     1
Armor: Chain mail        |    75 |    80 ||   155
Dodge: Dodged            |    27 |    33 ||    60
Block: Buckler           |       |     7 ||     7

Table legend: (Time is in decaauts)
 A = Elapsed time spent in this place.
 B = Non-inter-level travel time spent in this place.
 C = Inter-level travel time spent in this place.
 D = Time resting spent in this place.
 E = Time spent auto-exploring this place.
 F = Levels seen in this place.
 G = Mean time per level.
                   A        B        C        D        E       F      G
               +--------+--------+--------+--------+--------+-----+--------+
         Total |   3378 |   3269 |    109 |    152 |   2448 |   6 |  563.0 |
       Dungeon |   3317 |   3208 |    109 |    152 |   2441 |   4 |  829.2 |
         Abyss |     60 |     60 |      0 |      0 |      7 |   2 |   30.0 |
               +--------+--------+--------+--------+--------+-----+--------+

Top non-repeatable levels by time:
     D:1: 1282 daAuts
     D:3: 1162 daAuts
     D:2: 855 daAuts
 Abyss:2: 47 daAuts
     D:4: 17 daAuts
 Abyss:1: 13 daAuts
